 Dungeon Crawl Stone Soup version 0.19-a0-515-g8e8fbab (webtiles) character file.

6 AlphabetPasta the Sneak (level 1, -1/11 HPs)
             Began as a Vine Stalker Assassin on June 5, 2016.
             Slain by a giant gecko (3 damage)
             ... on level 1 of the Dungeon.
             The game lasted 00:01:44 (623 turns).

AlphabetPasta the Sneak (Vine Stalker Assassin)      Turns: 623, Time: 00:01:44

Health: -1/11      AC:  3    Str: 13    XL:     1   Next: 90%
Magic:  0/2        EV: 11    Int: 11    God:
Gold:   37         SH:  0    Dex: 15    Spells: 0 memorised, 0 levels left

rFire  . . .     SeeInvis .     a - +2 dagger
rCold  . . .     Gourm    .     c - +0 robe
rNeg   . . .     Faith    .     (no shield)
rPois  .         Spirit   +     (no helmet)
rElec  .         Dismiss  .     m - +0 cloak
rCorr  .         Reflect  .     (no gloves)
SustAt .         Harm     .     (no boots)
MR     .....                    (no amulet)
Stlth  +++.......               (no ring)
                                (no ring)

@: not resistant to hostile enchantments, fairly stealthy
A: fangs 2, regeneration 1, magic shield, antimagic bite, no device heal 3, rot
immunity
a: no special abilities


You were on level 1 of the Dungeon.
You were not hungry.

You visited 1 branch of the dungeon, and saw 1 of its levels.

You collected 37 gold pieces.

Inventory:

Hand Weapons
 a - a +2 dagger (weapon)
 b - a +0 blowgun
Missiles
 e - 8 poisoned needles
 f - 2 curare-tipped needles
 n - a javelin (quivered)
Armour
 c - a +0 robe (worn)
 d - a +0 cloak
 m - a +0 cloak (worn)
Jewellery
 k - an uncursed ring of poison resistance {unknown}
 l - a +2 ring of evasion {unknown}
Scrolls
 i - a scroll of identify {unknown}
 j - a scroll of noise {unknown}
Potions
 h - a potion of heal wounds {unknown}
Comestibles
 g - a bread ration
 o - 2 chunks of flesh


   Skills:
 + Level 1.9 Fighting
 * Level 1.8 Short Blades
 + Level 1.7 Throwing
 + Level 0.8 Dodging
 * Level 5.1 Stealth


You couldn't memorise any spells.
You didn't know any spells.

Dungeon Overview and Level Annotations

Branches:
Dungeon (1/15)

Altars:


Innate Abilities, Weirdness & Mutations

You have extremely sharp teeth.
Your natural rate of healing is unusually fast.
When hurt, damage is shared between your health and your magic reserves.
Your bite disrupts and absorbs the magic of your enemies.
Potions and wands cannot restore your health.
You are immune to rotting.


Message History

You bite the giant gecko, but do no damage.
The giant gecko is heavily wounded.
The giant gecko closely misses you.
You closely miss the giant gecko.
The giant gecko is heavily wounded.
The giant gecko bites you.
You barely miss the giant gecko. Your bite misses the giant gecko.
The giant gecko is heavily wounded.
The giant gecko bites you.
You barely miss the giant gecko. Your bite misses the giant gecko.
The giant gecko is heavily wounded.
The giant gecko bites you.
* * * LOW HITPOINT WARNING * * *
Throwing (i - inventory):
n - 2 javelins (quivered)
Press: ? - help, Shift-Dir - straight line, f - giant gecko
Aim: a giant gecko (heavily wounded, clinging)
You throw a javelin.
The javelin closely misses the giant gecko.
The giant gecko bites you.
You die...

# #..........# ..##..............
# #..........# #.##.#............
###..........# #.##.#............
....#.######.# #.##.#............
.##.#.# #.# #.##.#............
..#.#.######.###.##...........###
#.#.#........#...#.....########
....#........#.###.....##########
.........(.....l@................
##..#........#.♣♣.♣....####.....)
.............#.♣..♣♣#..........†.
P#...........#.♣..♣♣#######......
##...........#.♣..P♣.............
####...........♣..♣♣#############
####.#.........♣♣P.♣ #........
...............♣♣♣.♣ #.#######
...............♣♣.♣♣ #........


You could see a giant gecko.

Vanquished Creatures
  3 bats (D:1)
  A giant cockroach (D:1)
  A hobgoblin (D:1)
  A rat (D:1)
6 creatures vanquished.

Notes
Turn   | Place    | Note
--------------------------------------------------------------
     0 | D:1      | AlphabetPasta the Vine Stalker Assassin began the quest for the Orb.
     0 | D:1      | Reached XP level 1. HP: 11/11 MP: 2/2
   343 | D:1      | Reached skill level 5 in Stealth
   623 | D:1      | Slain by a giant gecko

Vault maps used:
D:1:      dpeg_arrival_long_road, serial_forest, infiniplex_forest_clump_curved,
          infiniplex_forest_lined_3_way, infiniplex_forest_lined_corner,
          infiniplex_forest_straight_2, infiniplex_forest_straight_4,
          infiniplex_forest_lined_2, infiniplex_forest_end_double,
          infiniplex_forest_clump_curved, infiniplex_forest_zigzag_1

Skill      XL: |  1 |
---------------+----+-----
Stealth        | 5 |  5.1
Fighting       | |  1.9
Short Blades   | |  1.8
Throwing       | |  1.7
Dodging        | |  0.8

Action                   || total
-------------------------++-------
Melee: Dagger            ||    21
       Bite              ||     5
Throw: Javelin           ||     5
Armor: Robe              ||     5
Dodge: Dodged            ||    10
